AoeStats
← кислород

Arabia

509342691Analyzed
1v1 RM · 6d ago on Sep 26, 2026· 22m 19s· 2 players
Game mode
Random Map
Map size
Tiny (2 player)
Population
200
Speed
Normal
Resources
Standard
Victory
Conquest
Starting age
Dark Age
Ending age
Imperial Age
RankedLock teamsTeams togetherTeam positionsShared explorationLock speedFull tech treeHidden civsTurbo modeCheats
Victory
Defeat
🇨🇦 Khitans · Canada
2077
+7
🇩🇪 Magyars · Germany
1850
-7
waggfe
6:40 Loom
9:30 Feudal Age
12:32 Double-Bit Axe
15:36 Fletching
24:51 Castle Age
кислород
9:08 Loom
11:57 Feudal Age
12:38 Double-Bit Axe
14:28 Domestication
15:40 Forging
16:23 Scale Barding Armor
22:10 Castle Age
Connection lost

Rejoining the realm…

Still unreachable

The connection could not be restored.

Session expired

The server has moved on; the page needs a fresh start.